[ PARTIDA AOE2 · #507138026 ]
UnrankedEtíopes vs Huns
Equipo del jugador · VICT
Equipo rival · DERR
[ ANÁLISIS DE REPETICIÓN · EXTRAÍDO DE LA PARTIDA GRABADA ]
Feudal
8:57
Castillos
23:55
Imperial
—
| APM promedio | 83.6 |
| APM pico | 118 |
| eAPM promedio | 43.3 |
| Aldeanos / militares | 73 / 42 |
Foco
⚔️ 46.5% · 🌾 53.5%
Archer ×31 · Militia ×5 · Skirmisher ×5 · Knight ×1
Feudal
9:17
Castillos
—
Imperial
—
| APM promedio | 63.0 |
| APM pico | 97 |
| eAPM promedio | 18.9 |
| Aldeanos / militares | 58 / 33 |
Foco
⚔️ 29.3% · 🌾 70.7%
Archer ×22 · Scout Cavalry ×9 · Spearman ×2
Mapa de la partida
Recursos iniciales + cada clic de construcción. Líneas = muros · curvas = relieve. ◆ oro · ⬟ piedra · ● bayas · ✦ reliquia · ◌ hueco del cierre
Tu base· ✓ Cerrada en 23:55 · 9t muro · 3 puerta(s)
Base de shegin· ✓ Cerrada en 24:46 · 21t muro · 4 puerta(s)
Terreno inicial suavizado · ◌ = hueco del cierre detectado · pasá el cursor para detalles
Inputs por minuto
— iamkaito - - shegin
Build order — iamkaito
Primeras 150 de 200 acciones detectadas
| 0:00 | Crear | Villager (Male) |
| 0:02 | Construir | House |
| 0:04 | Construir | House |
| 0:12 | Crear | Villager (Male) |
| 0:12 | Crear | Villager (Male) |
| 0:26 | Crear | Villager (Male) |
| 1:23 | Crear | Villager (Male) |
| 1:47 | Construir | Lumber Camp |
| 2:09 | Crear | Villager (Male) |
| 2:09 | Crear | Villager (Male) |
| 2:10 | Crear | Villager (Male) |
| 2:39 | Crear | Villager (Male) |
| 3:17 | Crear | Villager (Male) |
| 3:17 | Crear | Villager (Male) |
| 3:21 | Construir | House |
| 3:45 | Crear | Villager (Male) |
| 3:46 | Crear | Villager (Male) |
| 3:59 | Construir | House |
| 4:03 | Construir | House |
| 4:26 | Crear | Villager (Male) |
| 4:27 | Crear | Villager (Male) |
| 4:27 | Crear | Villager (Male) |
| 5:15 | Construir | Barracks |
| 5:25 | Crear | Villager (Male) |
| 5:47 | Crear | Villager (Male) |
| 5:58 | Investigar | Loom |
| 6:47 | Investigar | Feudal Age |
| 7:09 | Crear | Militia |
| 7:09 | Crear | Militia |
| 7:09 | Crear | Militia |
| 7:48 | Crear | Militia |
| 7:49 | Crear | Militia |
| 8:13 | Construir | House |
| 8:35 | Construir | Mining Camp |
| 8:37 | Crear | Villager (Male) |
| 8:54 | Construir | House |
| 8:56 | Construir | Palisade Wall |
| 8:57 | Edad | Edad Feudal |
| 9:01 | Investigar | Man-at-Arms (upgrade) |
| 9:05 | Crear | Villager (Male) |
| 9:17 | Construir | Watch Tower |
| 9:18 | Crear | Villager (Male) |
| 9:28 | Investigar | Double-Bit Axe |
| 9:53 | Construir | Mill |
| 10:08 | Crear | Villager (Male) |
| 10:14 | Construir | Archery Range |
| 10:29 | Crear | Villager (Male) |
| 10:52 | Construir | Watch Tower |
| 10:58 | Crear | Skirmisher |
| 11:01 | Construir | House |
| 11:02 | Crear | Villager (Male) |
| 11:30 | Crear | Villager (Male) |
| 11:36 | Crear | Skirmisher |
| 11:56 | Crear | Villager (Male) |
| 11:56 | Crear | Villager (Male) |
| 12:01 | Construir | Mining Camp |
| 12:17 | Crear | Villager (Male) |
| 12:20 | Construir | House |
| 12:52 | Crear | Villager (Male) |
| 12:52 | Crear | Villager (Male) |
| 12:57 | Construir | Watch Tower |
| 13:01 | Construir | House |
| 13:04 | Construir | Palisade Wall |
| 13:12 | Crear | Archer |
| 13:12 | Crear | Archer |
| 13:14 | Crear | Villager (Male) |
| 13:14 | Crear | Villager (Male) |
| 13:18 | Construir | Farm |
| 13:19 | Construir | Farm |
| 13:39 | Construir | Farm |
| 13:41 | Construir | Farm |
| 13:52 | Construir | Palisade Wall |
| 13:53 | Construir | Palisade Wall |
| 13:54 | Construir | Palisade Wall |
| 13:54 | Construir | Palisade Wall |
| 13:54 | Construir | Palisade Wall |
| 13:55 | Construir | Palisade Wall |
| 13:57 | Crear | Villager (Male) |
| 14:06 | Crear | Archer |
| 14:10 | Construir | House |
| 14:10 | Crear | Villager (Male) |
| 14:23 | Construir | Farm |
| 14:32 | Construir | Outpost |
| 14:40 | Crear | Archer |
| 14:59 | Crear | Villager (Male) |
| 14:59 | Crear | Villager (Male) |
| 15:01 | Construir | House |
| 15:07 | Crear | Villager (Male) |
| 15:15 | Crear | Archer |
| 15:26 | Construir | Farm |
| 15:48 | Crear | Villager (Male) |
| 15:53 | Construir | Blacksmith |
| 16:09 | Crear | Skirmisher |
| 16:25 | Construir | Mining Camp |
| 16:25 | Crear | Villager (Male) |
| 16:25 | Crear | Villager (Male) |
| 16:28 | Crear | Skirmisher |
| 16:30 | Crear | Villager (Male) |
| 16:31 | Crear | Villager (Male) |
| 16:49 | Crear | Villager (Male) |
| 16:50 | Crear | Skirmisher |
| 17:01 | Investigar | Fletching |
| 17:01 | Investigar | Fletching |
| 17:04 | Crear | Villager (Male) |
| 17:04 | Crear | Villager (Male) |
| 17:14 | Crear | Villager (Male) |
| 17:22 | Crear | Villager (Male) |
| 17:31 | Crear | Villager (Male) |
| 17:34 | Crear | Archer |
| 17:34 | Crear | Archer |
| 17:56 | Crear | Archer |
| 17:56 | Crear | Archer |
| 18:01 | Crear | Villager (Male) |
| 18:01 | Crear | Villager (Male) |
| 18:14 | Crear | Villager (Male) |
| 18:16 | Construir | Farm |
| 18:16 | Construir | Farm |
| 18:16 | Construir | Farm |
| 18:17 | Construir | Farm |
| 18:17 | Construir | Farm |
| 18:19 | Construir | Farm |
| 18:21 | Construir | House |
| 18:39 | Crear | Villager (Male) |
| 18:40 | Crear | Villager (Male) |
| 18:44 | Construir | House |
| 18:50 | Crear | Villager (Male) |
| 19:01 | Crear | Archer |
| 19:10 | Crear | Villager (Male) |
| 19:29 | Construir | Archery Range |
| 19:43 | Construir | Lumber Camp |
| 19:48 | Crear | Villager (Male) |
| 19:59 | Crear | Villager (Male) |
| 20:44 | Crear | Archer |
| 20:45 | Crear | Archer |
| 20:50 | Crear | Villager (Male) |
| 21:04 | Construir | Lumber Camp |
| 21:06 | Construir | Farm |
| 21:06 | Construir | Farm |
| 21:07 | Construir | Farm |
| 21:07 | Construir | Farm |
| 21:07 | Construir | Farm |
| 21:09 | Construir | Farm |
| 21:15 | Investigar | Castle Age |
| 21:15 | Investigar | Castle Age |
| 21:17 | Crear | Archer |
| 21:17 | Crear | Archer |
| 21:46 | Crear | Archer |
| 21:54 | Crear | Archer |
| 21:55 | Crear | Villager (Male) |
| 21:58 | Construir | Farm |
Build order — shegin
Primeras 150 de 156 acciones detectadas
| 0:00 | Crear | Villager (Male) |
| 0:01 | Crear | Villager (Male) |
| 0:07 | Crear | Villager (Male) |
| 0:07 | Crear | Villager (Male) |
| 1:29 | Crear | Villager (Male) |
| 2:01 | Construir | Lumber Camp |
| 2:05 | Crear | Villager (Male) |
| 2:05 | Crear | Villager (Male) |
| 2:05 | Crear | Villager (Male) |
| 2:37 | Crear | Villager (Male) |
| 2:37 | Crear | Villager (Male) |
| 3:02 | Crear | Villager (Male) |
| 3:22 | Crear | Villager (Male) |
| 3:41 | Crear | Villager (Male) |
| 3:50 | Crear | Villager (Male) |
| 4:14 | Construir | Mill |
| 4:29 | Crear | Villager (Male) |
| 4:45 | Crear | Villager (Male) |
| 5:05 | Crear | Villager (Male) |
| 5:47 | Crear | Villager (Male) |
| 6:24 | Investigar | Loom |
| 7:07 | Investigar | Feudal Age |
| 7:07 | Investigar | Feudal Age |
| 7:42 | Crear | Villager (Male) |
| 8:10 | Construir | Barracks |
| 8:12 | Construir | Palisade Wall |
| 8:13 | Construir | Palisade Wall |
| 8:15 | Construir | Palisade Wall |
| 8:41 | Construir | Mining Camp |
| 8:48 | Crear | Villager (Male) |
| 8:58 | Crear | Villager (Male) |
| 9:17 | Edad | Edad Feudal |
| 9:19 | Crear | Spearman |
| 9:27 | Crear | Villager (Male) |
| 9:27 | Crear | Villager (Male) |
| 9:40 | Crear | Villager (Male) |
| 9:47 | Crear | Villager (Male) |
| 10:01 | Crear | Villager (Male) |
| 10:13 | Construir | Archery Range |
| 10:21 | Construir | Palisade Wall |
| 10:23 | Construir | Palisade Wall |
| 10:25 | Construir | Palisade Wall |
| 10:56 | Crear | Villager (Male) |
| 10:59 | Construir | Watch Tower |
| 11:01 | Crear | Villager (Male) |
| 11:04 | Construir | Palisade Wall |
| 11:04 | Construir | Palisade Wall |
| 11:20 | Crear | Villager (Male) |
| 11:30 | Crear | Villager (Male) |
| 11:56 | Construir | Palisade Wall |
| 11:57 | Construir | Palisade Wall |
| 12:00 | Construir | Palisade Wall |
| 12:02 | Construir | Palisade Wall |
| 12:03 | Construir | Palisade Wall |
| 12:13 | Crear | Villager (Male) |
| 12:21 | Construir | Palisade Wall |
| 12:39 | Construir | Palisade Wall |
| 12:40 | Construir | Palisade Wall |
| 12:41 | Crear | Archer |
| 12:41 | Crear | Archer |
| 12:44 | Crear | Villager (Male) |
| 13:10 | Construir | Farm |
| 13:10 | Construir | Farm |
| 13:21 | Construir | Blacksmith |
| 13:23 | Crear | Villager (Male) |
| 13:29 | Crear | Villager (Male) |
| 13:33 | Crear | Archer |
| 13:47 | Crear | Villager (Male) |
| 13:52 | Crear | Archer |
| 14:02 | Construir | Farm |
| 14:03 | Construir | Farm |
| 14:12 | Investigar | Fletching |
| 14:12 | Investigar | Fletching |
| 14:18 | Construir | Farm |
| 14:20 | Construir | Farm |
| 14:24 | Construir | Farm |
| 14:30 | Construir | Palisade Wall |
| 14:39 | Crear | Archer |
| 14:54 | Crear | Archer |
| 15:12 | Construir | Lumber Camp |
| 15:16 | Construir | Farm |
| 15:25 | Crear | Archer |
| 15:42 | Construir | Farm |
| 15:44 | Crear | Villager (Male) |
| 15:46 | Construir | Farm |
| 15:51 | Crear | Spearman |
| 15:54 | Crear | Villager (Male) |
| 16:05 | Crear | Villager (Male) |
| 16:14 | Crear | Villager (Male) |
| 16:16 | Crear | Archer |
| 16:25 | Construir | Stable |
| 16:44 | Crear | Villager (Male) |
| 16:49 | Crear | Archer |
| 17:07 | Crear | Villager (Male) |
| 17:08 | Crear | Archer |
| 17:11 | Construir | Archery Range |
| 17:19 | Crear | Villager (Male) |
| 17:22 | Crear | Villager (Male) |
| 17:32 | Crear | Villager (Male) |
| 17:51 | Crear | Villager (Male) |
| 17:59 | Crear | Archer |
| 18:06 | Construir | Farm |
| 18:07 | Construir | Farm |
| 18:13 | Crear | Scout Cavalry |
| 18:19 | Crear | Archer |
| 18:25 | Crear | Archer |
| 18:35 | Investigar | Double-Bit Axe |
| 18:35 | Investigar | Double-Bit Axe |
| 18:42 | Construir | Farm |
| 18:45 | Crear | Villager (Male) |
| 18:57 | Construir | Lumber Camp |
| 19:01 | Crear | Archer |
| 19:10 | Crear | Scout Cavalry |
| 19:21 | Crear | Archer |
| 19:22 | Crear | Scout Cavalry |
| 19:29 | Construir | Farm |
| 19:31 | Construir | Farm |
| 19:37 | Construir | Farm |
| 19:43 | Crear | Scout Cavalry |
| 19:44 | Crear | Archer |
| 20:02 | Construir | Mining Camp |
| 20:08 | Construir | Farm |
| 20:16 | Construir | Farm |
| 20:27 | Crear | Archer |
| 20:27 | Crear | Scout Cavalry |
| 20:29 | Crear | Villager (Male) |
| 20:29 | Crear | Villager (Male) |
| 20:44 | Construir | Farm |
| 20:44 | Construir | Farm |
| 20:48 | Construir | Mill |
| 20:49 | Construir | Farm |
| 21:02 | Investigar | Scale Barding Armor |
| 21:10 | Crear | Villager (Male) |
| 21:20 | Crear | Archer |
| 21:39 | Crear | Villager (Male) |
| 21:51 | Crear | Scout Cavalry |
| 22:12 | Crear | Scout Cavalry |
| 22:13 | Crear | Villager (Male) |
| 22:13 | Crear | Villager (Male) |
| 22:43 | Crear | Villager (Male) |
| 22:43 | Crear | Scout Cavalry |
| 22:48 | Crear | Archer |
| 22:48 | Crear | Archer |
| 23:18 | Crear | Archer |
| 23:40 | Construir | Market |
| 23:44 | Crear | Archer |
| 23:49 | Construir | Farm |
| 23:57 | Crear | Villager (Male) |
| 24:10 | Construir | Watch Tower |
| 24:17 | Crear | Villager (Male) |
Cronología de la partida
| 5:15 | iamkaito · first_building Barracks |
| 8:10 | shegin · first_building Barracks |
| 8:12 | shegin · wall_segment Palisade Wall x1 |
| 8:13 | shegin · wall_segment Palisade Wall x1 |
| 8:15 | shegin · wall_segment Palisade Wall x1 |
| 8:56 | iamkaito · wall_segment Palisade Wall x1 |
| 8:57 | iamkaito · age_up feudal |
| 9:17 | shegin · age_up feudal |
| 10:13 | shegin · first_building Archery Range |
| 10:14 | iamkaito · first_building Archery Range |
| 10:21 | shegin · wall_segment Palisade Wall x1 |
| 10:23 | shegin · wall_segment Palisade Wall x5 |
| 10:25 | shegin · wall_segment Palisade Wall x3 |
| 11:04 | shegin · wall_segment Palisade Wall x1 |
| 11:04 | shegin · wall_segment Palisade Wall x1 |
| 11:56 | shegin · wall_segment Palisade Wall x1 |
| 11:57 | shegin · wall_segment Palisade Wall x1 |
| 12:00 | shegin · wall_segment Palisade Wall x1 |
| 12:02 | shegin · wall_segment Palisade Wall x1 |
| 12:03 | shegin · wall_segment Palisade Wall x1 |
| 12:21 | shegin · wall_segment Palisade Wall x1 |
| 12:39 | shegin · wall_segment Palisade Wall x1 |
| 12:40 | shegin · wall_segment Palisade Wall x1 |
| 13:04 | iamkaito · wall_segment Palisade Wall x1 |
| 13:52 | iamkaito · wall_segment Palisade Wall x1 |
| 13:53 | iamkaito · wall_segment Palisade Wall x2 |
| 13:54 | iamkaito · wall_segment Palisade Wall x1 |
| 13:54 | iamkaito · wall_segment Palisade Wall x1 |
| 13:54 | iamkaito · wall_segment Palisade Wall x1 |
| 13:55 | iamkaito · wall_segment Palisade Wall x1 |
| 14:30 | shegin · wall_segment Palisade Wall x2 |
| 16:25 | shegin · first_building Stable |
| 22:48 | iamkaito · first_building Stable |
| 23:11 | iamkaito · wall_segment Palisade Wall x1 |
| 23:55 | iamkaito · age_up castle |
| 24:44 | shegin · first_market_buy 100 food |
| 24:45 | shegin · first_market_sell 100 wood |
| 25:56 | shegin · resign |
[ ANÁLISIS IA · 1 CRÉDITO ]
¿Qué pasó realmente en esta partida?
Wolo.gg analiza cada decisión: build order, eco, micro, errores típicos por bracket. Análisis personalizado por WhatsApp o Discord en 30 segundos.
Guía civ
Etíopes
Perfil
Jugador #3816609